[Event "Croatian 1A League 2022"]
[Site "Porec"]
[Date "2022.09.24"]
[Round "1.10"]
[White "Martinovic, Sasa"]
[Black "Zivkovic, Vjekoslav"]
[Result "1/2-1/2"]
[ECO "D94"]
[WhiteElo "2546"]
[BlackElo "2364"]
[Annotator "TA"]
[PlyCount "71"]
[EventDate "2022.09.24"]
[EventType "team-tourn"]
[EventCountry "CRO"]
[SourceTitle "playchess.com"]
[Source "ChessBase"]
[SourceQuality "1"]
[TimeControl "40/5400+30:1800+30"]

1. d4 d5 2. c4 c6 3. Nf3 Nf6 4. e3 a6 5. Nc3 g6 6. Bd3 Bg7 7. O-O O-O 8. b3 Bg4 9. h3 Bxf3 10. Qxf3 Re8 11. Bb2 e6 12. Rfd1 Nbd7 13. Rac1 {[%emt 0:01:30] D94: Grünfeld: 4 Nf3 Bg7 5 e3.} Qe7 14. Bf1 Rac8 15. Qe2 {[%emt 0:02:30] [#] White is slightly better.} Ne4 $146 ({Predecessor:} 15... Red8 16. Rc2 h5 17. Qd2 Nf8 18. Qc1 N8h7 19. a4 Bf8 20. Bd3 Qc7 21. Ba3 Bxa3 22. Qxa3 {½-½ (46) Martinovic,S (2539)-Malakhov,V (2662) Mali Losinj 2019}) 16. Nxe4 dxe4 17. Qd2 Red8 18. Qa5 f5 19. Ba3 Qf7 20. d5 b6 21. Qd2 ({Don't play} 21. Qxa6 Ra8 22. Qb7 (22. dxe6 Qxe6 23. Qb7 Rab8 $11) 22... c5 23. dxe6 Qxe6 $11) (21. Qa4 $5 ) 21... c5 22. b4 e5 23. Rb1 Bf8 24. bxc5 Bxc5 25. Bb2 Bd6 26. Bc3 Rb8 27. a4 a5 28. Rb5 Nc5 29. Qc2 Qc7 30. Rdb1 h5 31. Be2 Kh7 32. Kf1 Kh6 33. Ke1 Rf8 34. Kd2 f4 35. Rxc5 fxe3+ 36. fxe3 {[%emt 0:00:03] Weighted Error Value: White=0.05 (flawless) /Black=0.04 (flawless)} 1/2-1/2

[Event "Croatian 1A League 2022"]
[Site "Porec"]
[Date "2022.09.24"]
[Round "1.11"]
[White "Medak, Bojan"]
[Black "Rogic, Davor"]
[Result "0-1"]
[ECO "A28"]
[WhiteElo "2353"]
[BlackElo "2458"]
[Annotator "TA"]
[PlyCount "60"]
[EventDate "2022.09.24"]
[EventType "team-tourn"]
[EventCountry "CRO"]
[SourceTitle "playchess.com"]
[Source "ChessBase"]
[SourceQuality "1"]
[TimeControl "40/5400+30:1800+30"]

1. c4 e5 2. Nc3 Nf6 3. Nf3 Nc6 4. e4 d6 5. d4 Bg4 6. d5 Nd4 7. Be2 {[%emt 0:01:30] A28: English Opening: Four Knights Variation.} Nxe2 8. Qxe2 Be7 9. h3 {[%emt 0:00:30] White has an edge.} Bd7 10. O-O O-O 11. Ne1 c6 {[%emt 0:12:30] [#]} 12. a4 $146 ({Predecessor:} 12. dxc6 bxc6 13. Nc2 Be6 14. Rd1 Qc7 15. Ne3 Rfd8 16. b3 g6 17. Qf3 Ne8 18. Bb2 {½-½ (37) Rallabandi,P (2472)-Coklin,M (2453) ICCF email 2019}) 12... Qc7 13. Nc2 cxd5 14. cxd5 Rfc8 15. Na3 Qc5 16. Bd2 a6 17. Rfc1 Qb4 18. Nc2 Qb3 (18... Qxb2 $2 19. Rab1 Qxc3 20. Bxc3 Rxc3 21. Rxb7 $18) 19. Qd3 Bd8 (19... Qxb2 $2 20. Rcb1 Qxa1 21. Nxa1 $18) (19... Bxa4 $5 20. Rxa4 Rxc3 $1 21. Qxc3 Qxa4 $11) 20. Rcb1 {[%emt 0:16:06] [#]} (20. Kh2 $11) 20... Bxa4 $1 $17 21. Rc1 (21. Rxa4 Rxc3) 21... Bd7 22. Ne3 Rc5 (22... Qxb2 $2 23. Rcb1 Qxa1 24. Rxa1 $18) 23. Qb1 Ra5 {[%emt 0:02:06] Black is much more active.} 24. Rxa5 Bxa5 25. Qd3 Rc8 ({Don't do} 25... Qxb2 26. Nc4 (26. Rb1 Bb5 $17) 26... Qb4 27. Nd1 $18) 26. Nf5 (26. Qb1 $17 {is a better defense.}) 26... Bxf5 $19 27. exf5 Bxc3 ({Avoid the trap} 27... Qxb2 $2 28. Rb1 Rxc3 29. Rxb2 $19) 28. bxc3 Qxd5 29. Qe2 Qe4 30. Be3 Qxf5 {[%emt 0:00:52] Weighted Error Value: White=0.26 (precise) /Black=0.05 (flawless)} 0-1

[Event "Croatian 1A League 2022"]
[Site "Porec"]
[Date "2022.09.24"]
[Round "1.12"]
[White "Cvitan, Ognjen"]
[Black "Mrkonjic, Nenad"]
[Result "1-0"]
[ECO "D13"]
[WhiteElo "2445"]
[BlackElo "2347"]
[Annotator "TA"]
[PlyCount "135"]
[EventDate "2022.09.24"]
[EventType "team-tourn"]
[EventCountry "CRO"]
[SourceTitle "playchess.com"]
[Source "ChessBase"]
[SourceQuality "1"]
[TimeControl "40/5400+30:1800+30"]

1. d4 d5 2. c4 c6 3. Nf3 Nf6 4. Nc3 a6 5. cxd5 cxd5 6. Bf4 Nc6 7. Rc1 Bf5 8. e3 e6 {[%emt 0:00:30] 8...e6 scores better than 8...Rc8.} 9. Qb3 Be7 {[%emt 0:00:30] D13: Slav Defence: Exchange variation without ...Bf5.} (9... Ra7 $14) 10. Be2 ({Only move:} 10. Qxb7 $16 Na5 11. Qc7) 10... O-O (10... Na5 $11 11. Qd1 h6) 11. O-O (11. Qxb7 $16 Na5 12. Qc7) 11... Bd6 (11... Na5 $11 12. Qd1 h6) 12. Bxd6 Qxd6 13. Na4 (13. Qxb7 $2 Na5 14. Nb5 axb5 $19) 13... b5 14. Nc5 {[%emt 0:02:42] [#]} Be4 $146 ({Predecessor:} 14... Bg4 15. h3 Bh5 16. Qd1 Rfc8 17. Nd2 Bxe2 18. Qxe2 e5 19. dxe5 Nxe5 20. Nd3 Nxd3 21. Qxd3 {1-0 (51) Tran,T (2391)-Flumbort,A (2458) Kecskemet 2014}) 15. Nd3 Rfc8 16. h3 Bxf3 17. Bxf3 Nd7 18. Rc3 Ne7 19. Rfc1 Rxc3 20. Rxc3 Rc8 21. Rxc8+ Nxc8 22. Qc3 Ne7 23. Qa5 {[%emt 0:00:30] Threatens to win with Qd8+.} Nb8 24. Bd1 Nec6 25. Qb6 Qd8 26. Qxd8+ Nxd8 $14 {[%emt 0:00:00][%mdl 4096] Endgame KBN-KNN} 27. a4 bxa4 28. Bxa4 a5 29. Kf1 Kf8 30. Ke2 Ke7 31. Kd2 Nd7 32. Bb5 Kd6 33. Kc3 f6 (33... Nb6 $11 {remains equal.}) 34. f4 {[%emt 0:03:18] White is more active.} ({Better is} 34. Bxd7 $16 Kxd7 35. Kb3) 34... Nb6 35. Nc5 e5 36. fxe5+ fxe5 37. Nb3 $1 exd4+ 38. exd4 (38. Nxd4 Nb7 $11) 38... a4 39. Nc5 Ne6 {[%emt 0:01:07] [#]} (39... g5 $16) 40. Nxe6 $1 $18 ({Worse is} 40. Nxa4 Nxa4+ 41. Bxa4 Nf4 $11) 40... Kxe6 {[%emt 0:00:00] KB-KN} 41. Kb4 {[%emt 0:04:00] Kc5 is the strong threat.} Kd6 {[%emt 0:01:13] [#]} 42. h4 $1 ({Don't do} 42. Bxa4 Nc4 $16) 42... h6 $2 (42... Nc8 {was necessary.} 43. Bxa4 (43. Kxa4 h6 $16) 43... h6) 43. h5 Na8 44. Bxa4 Nc7 45. Kc3 {[%emt 0:01:30] And now Kd2 would win.} Na8 (45... Ne6 $142 46. g4 Nf4) 46. Bd1 Nb6 47. b3 (47. Be2 $142 Nc8 48. b4) 47... Kc6 $2 (47... Nd7 48. b4 Nb6) 48. Be2 Nc8 49. Bd3 (49. b4 $142 {Strongly threatening Kd2.} Kb6 50. g4) 49... Nd6 $2 (49... Kc7 50. Bg6 Kb6) 50. Kd2 Nc8 51. Ke3 Kd6 52. Kf4 (52. b4 $142 Nb6 53. Kf4) 52... Ne7 53. Bb5 (53. b4) 53... Ke6 $2 (53... g5+ 54. hxg6 Nxg6+ 55. Ke3 Nh4) 54. Be8 Nc8 55. Bg6 $2 (55. b4 Nd6 56. Bc6) 55... Ne7 56. Be8 {[%emt 0:01:30] Inhibits Nc6.} (56. b4) 56... Nc8 $1 57. g3 (57. b4 $142 Nd6 58. Bc6) 57... Ke7 (57... Nd6 $142) 58. Bg6 Kf6 59. b4 Na7 60. Be8 Ke7 61. Ba4 Ke6 62. b5 {[%emt 0:00:34] White wants to mate with b6.} Nc8 63. Bc2 {[%emt 0:00:25] Intending Bf5+ and mate.} Nb6 64. Bh7 Na4 65. Bg8+ Kd6 66. Kf5 Nc3 67. b6 Ne2 68. b7 {[%emt 0:01:42] Weighted Error Value: White=0.69/Black=0.30} 1-0

[Event "Croatian 1A League 2022"]
[Site "Porec"]
[Date "2022.09.24"]
[Round "1.13"]
[White "Vavulin, Maxim"]
[Black "Motylev, Alexander"]
[Result "1/2-1/2"]
[WhiteElo "2550"]
[BlackElo "2635"]
[Annotator "TA"]
[PlyCount "32"]
[EventDate "2022.09.24"]
[EventType "team-tourn"]
[EventCountry "CRO"]
[SourceTitle "playchess.com"]
[Source "ChessBase"]
[SourceQuality "1"]
[TimeControl "40/5400+30:1800+30"]

1. e4 e5 2. Nf3 Nc6 3. Bb5 Nf6 4. O-O Nxe4 5. Re1 Nd6 6. Nxe5 Be7 7. Bf1 Nf5 {[%emt 0:00:30] C67: Ruy Lopez: Berlin Defence: 4 0-0 Nxe4.} 8. c3 Nxe5 9. Rxe5 d6 {[%emt 0:01:30] [#] Not much happened in this game.  Weighted Error Value: White=0.08 (flawless) /Black=0.05 (flawless)} {Predecessor:} 10. Re1 $146 O-O 11. d4 d5 12. Bf4 Bd6 13. Qf3 Nh4 14. Qg3 Nf5 15. Qf3 Nh4 16. Qg3 Nf5 {½-½ (16) Karjakin,S (2743)-Carlsen,M (2865) Wijk aan Zee 2022} 1/2-1/2

[Event "Croatian 1A League 2022"]
[Site "Porec"]
[Date "2022.09.24"]
[Round "1.14"]
[White "Postny, Evgeny"]
[Black "Fercec, Nenad"]
[Result "0-1"]
[ECO "E16"]
[WhiteElo "2573"]
[BlackElo "2403"]
[Annotator "TA"]
[PlyCount "82"]
[EventDate "2022.09.24"]
[EventType "team-tourn"]
[EventCountry "CRO"]
[SourceTitle "playchess.com"]
[Source "ChessBase"]
[SourceQuality "1"]
[TimeControl "40/5400+30:1800+30"]

1. d4 Nf6 2. c4 e6 3. Nf3 b6 4. g3 Bb7 5. Bg2 g6 6. Nc3 {[%emt 0:00:30] E16: Queen's Indian: 4 g3 Bb7 5 Bg2 Bb4+.} Bg7 7. d5 exd5 8. cxd5 {[%emt 0:00:30] White is slightly better.} O-O 9. O-O Re8 {[%emt 0:01:30] Inhibits e4.} 10. Nd4 c5 11. Ndb5 d6 $1 12. Bf4 Bf8 13. a4 Nh5 14. Bd2 a6 15. Na3 Nd7 16. e4 {[%emt 0:07:00] [#]} Bc8 $146 ({Predecessor:} 16... Ne5 17. Qe2 Nf6 18. f4 Ned7 19. Qf3 b5 20. axb5 axb5 21. Naxb5 Rxa1 22. Rxa1 Qb6 {1-0 (47) Ponomariov,R (2686)-Hou,Y (2658) Shenzhen 2018}) 17. f4 Rb8 18. g4 Nhf6 19. h3 b5 20. axb5 axb5 21. Naxb5 Qb6 22. g5 Nh5 23. Bf3 c4+ (23... Bg7 $1 $14) 24. Kh2 ({White should play} 24. Kg2 $16) 24... Nc5 $14 25. Na3 (25. f5 $14 {deserves consideration.} Bd7 26. Bxh5 Bxb5 27. Bg4 (27. Nxb5 Qxb5 28. Bc3 Nxe4 $17)) 25... Ba6 (25... Nb3 $11) 26. Nc2 $36 {[%emt 0:01:24][%mdl 2048] And now f5 would win. White has the initiative.} (26. Bxh5 gxh5 27. Nc2 (27. Qxh5 Nxe4 28. Nxe4 Rxe4 $17) 27... Nxe4 $11) 26... Bg7 (26... Qxb2 $2 27. Rb1 Qb3 28. f5 $18) 27. Ra2 Nd3 $2 (27... Qb3 $14) 28. Be3 $2 (28. Bxh5 $18 {and the rest is easy. Bf3 is the strong threat.} gxh5 29. Be3 (29. Qxh5 Qb3 $11)) 28... Nxb2 29. Qd2 (29. Bxb6 $6 Nxd1 30. Rxa6 (30. Rxd1 Rxb6 31. Bxh5 Bxc3 $15) 30... Nxc3 $11) ({Better is} 29. Qc1 $1 $16 Qb7 30. Bd4) 29... Qb3 (29... Bxc3 $11 30. Qxc3 Qb3 31. Qxb3 cxb3 32. Rxa6 bxc2) 30. Nd4 (30. Rxa6 Bxc3 31. Qg2 Nd3 32. Bxh5 gxh5 $11) 30... Qxa2 31. Nxa2 c3 32. Qg2 (32. Qxc3 Bxf1 33. Nb4 Nc4 $11) (32. Qc1 $18 {and all is fine.}) 32... Nc4 $1 $19 33. Bf2 (33. Nxc3 $2 Nxe3 34. Qf2 Nxf1+ $19) (33. Bg1 $17 {was called for.} Rb2 34. Nxc3 Nxf4 35. Qxb2 Nxb2 36. Ra1) 33... Nxf4 34. Qg4 Rb2 35. Qd7 Bxd4 $4 36. Qxe8+ $18 Kg7 {[%emt 0:00:01] [#] Threatens to win with ...Ne3.} 37. Nxc3 $2 Bxc3 $11 38. Kg3 $2 (38. Kh1 $11 Ne5 39. Be1 Bxe1 40. Qd8 Bxf1 41. Qf6+ Kg8 42. Qd8+ Kg7 43. Qf6+ Kg8 44. Qd8+ Kg7) 38... Be5 $1 $19 {[%emt 0:00:29] Chess con chili.} 39. Qa4 $2 {[%emt 0:00:34] [#]} ({Wrong is} 39. Kh4 $2 Nd2 40. Bg3 Bxf1 $19) (39. Bd4 $19 Bxd4 40. Bd1 (40. Kxf4 $2 Be5+ 41. Qxe5+ Nxe5 $19)) 39... Bb5 (39... Ne3 $142 $1 40. Bd1 Nxf1+ 41. Kf3 Nxh3 42. Bc2 Nh2+ 43. Ke3 Bb5 44. Qxb5 Rxb5 45. Be1 Rb2 46. Ke2 Rxc2+ 47. Kd3 Rb2 48. Kc4 Nxg5 49. Kd3 Nhf3 50. Ba5 Rb5 51. Bc3 h5 52. Bxe5+ Nxe5+ 53. Kd2 h4 54. Ke3 {[#]} Nxe4 $1 55. Kf4 f5 56. Ke3 Rb2 57. Kd4 f4 $1 58. Kxe4 Rb4#) 40. Qa7 Nd2 {[%emt 0:00:00][%mdl 64] Discovered Attack. Pair of Knights!} 41. Rd1 Nxf3 {[%emt 0:04:25] Weighted Error Value: White=1.10/Black=0.58} 0-1

[Event "Croatian 1A League 2022"]
[Site "Porec"]
[Date "2022.09.24"]
[Round "1.15"]
[White "Krsnik Cohar, Ivan Vihor"]
[Black "Bosiocic, Marin"]
[Result "1-0"]
[ECO "A48"]
[WhiteElo "2296"]
[BlackElo "2548"]
[Annotator "TA"]
[PlyCount "133"]
[EventDate "2022.09.24"]
[EventType "team-tourn"]
[EventCountry "CRO"]
[SourceTitle "playchess.com"]
[Source "ChessBase"]
[SourceQuality "1"]
[TimeControl "40/5400+30:1800+30"]

1. d4 Nf6 2. Bf4 g6 3. Nf3 d6 4. Nc3 Nh5 5. Qd2 Nxf4 6. Qxf4 {[%emt 0:00:00] A48: 1 d4 Nf6 2 Nf3 g6: Torre, London and Colle Systems.} Bg7 7. e3 {[%emt 0:02:00] [#]} Nd7 $146 ({Predecessor:} 7... c6 8. Bc4 d5 9. Bd3 Qd6 10. Qxd6 exd6 11. h3 O-O 12. O-O b5 13. a3 f5 {½-½ (24) Bauner,J (1989)-Malmdin,N (2172) Bucharest 2019}) 8. Bc4 {[%emt 0:01:30][%csl Gc4][%cal Rf4f7] Black has an edge.} O-O 9. h4 e5 10. Qg5 exd4 (10... c6 {is more complex.} 11. dxe5 Nxe5 12. Nxe5 Bxe5 13. O-O-O Kg7) 11. Qxd8 Rxd8 12. Nxd4 Nb6 13. Be2 a6 14. Bf3 c5 ({Black should play} 14... h5 $15) 15. Nde2 $11 d5 16. O-O-O d4 17. Ne4 Bf5 18. Nxc5 dxe3 19. g4 Nc4 20. gxf5 Bxb2+ 21. Kb1 Ba3 {[%emt 0:01:30] Hoping for ...Rxd1+.} 22. Nb3 {[%emt 0:12:30] Threatens to win with fxg6.} (22. Nxb7 Rxd1+ 23. Rxd1 exf2 $17) (22. Bxb7 $2 Rdb8 23. Nb3 (23. Ka1 $2 exf2 24. fxg6 hxg6 $19) 23... Rxb7 24. fxe3 Nxe3 $19) 22... exf2 23. Rdf1 (23. Bxb7 $2 Rxd1+ 24. Rxd1 Re8 $19) 23... a5 24. Rxf2 a4 25. Nec1 (25. Bxb7 $2 axb3 26. cxb3 (26. Bxa8 $2 Nd2+ 27. Ka1 b2#) 26... Ra7 27. fxg6 hxg6 $19) (25. Nbd4 $11 {keeps the balance.}) 25... axb3 $17 (25... Bf8 {looks sharper.} 26. Be2 Na3+ 27. Kb2 axb3 28. Nxb3 Rdc8) 26. Nxb3 Bf8 27. fxg6 hxg6 {[%emt 0:00:00] White must now prevent ...Na3+.} 28. h5 Na3+ 29. Kb2 Bg7+ 30. Kc1 Nb5 (30... Bh6+ $17 31. Kb2 Nc4+ 32. Kb1 g5) 31. hxg6 $11 Rxa2 32. gxf7+ Kf8 {[%emt 0:00:22] ( -> ...Bb2+)} 33. Rd2 (33. Bxb7 $2 Bb2+ 34. Kb1 Nc3#) 33... Rc8 (33... Rxd2 $11 34. Kxd2 b6) 34. Bxb7 (34. Rh7 $1 $14 Na3 35. Be4 (35. Bxb7 Rb2 $11)) 34... Rb8 (34... Rc7 $11 35. Rd8+ Kxf7) 35. Rd7 $16 Na3 36. Rh2 {[%emt 0:00:43] Threatening mate with Nc5.} Nc4 37. Re2 $1 {[%emt 0:01:27][%cal Oe2e8] Strongly threatening Re8+!} Bh6+ 38. Kb1 Rb2+ 39. Ka1 {[%emt 0:00:00] And now Bc6 would win.} Nb6 40. Rc7 Bf4 {[%emt 0:00:00] [#]} (40... Bg7 $142 41. Re8+ Rxe8 42. fxe8=Q+ (42. fxe8=N Be5 $14) 42... Kxe8 43. Rxg7 Rxc2) 41. Rc6 $1 $18 (41. Kxb2 Bxc7 42. Bc6 Kxf7 $14) 41... Na4 42. Rc4 $2 (42. Re4 $18 {is the precise move to win.} Rd8 43. Nd4 (43. Rxa4 Be5 $11) 43... Rxd4 44. Rxd4) 42... Bg5 {[%emt 0:02:30][%mdl 8192] A mistake that costs the game.} (42... Rxb7 $16 {is more resistant.} 43. Rxf4 Rb1+ 44. Kxb1 Nc3+ 45. Kb2 Nxe2) 43. Re8+ (43. Rxa4 Bf6 $14) 43... Rxe8 44. fxe8=Q+ ({Don't take} 44. fxe8=N Kxe8 45. Bc6+ (45. Rxa4 Bf6 $14) 45... Ke7 46. Bxa4 Bf6 $18) (44. fxe8=B Bf6 $18) 44... Kxe8 45. Bc6+ ({Weaker is} 45. Rxa4 Bf6 $14) 45... Ke7 46. Bxa4 Bf6 {[%emt 0:00:30] [#]} 47. Nd4 Rb6 48. Ka2 Kd6 49. Nb5+ Kd5 50. Kb3 Be5 (50... Ke6 $142 51. Rc5 Bg7) 51. Rc8 Rb8 52. c4+ Ke4 53. Rc6 Rh8 54. Kb4 Kd3 55. Re6 Bf4 56. c5 Rh4 57. Kb3 Rh1 58. Nc3 {[%emt 0:01:30] Against Rb1+. Bb5+ is the strong threat.} Rh3 59. c6 (59. Re4 $142 Kd2 60. Rxf4 Rxc3+ 61. Kb4 Rg3 62. Bd7 Re3 63. c6 Rg3 64. Rc4) 59... Bh2 60. Re4 {[%emt 0:03:30] Intending Bb5+ and mate.} Rh5 61. Rg4 (61. Kb2 $142 Kd2 62. Nb1+ Kd3 63. Bc2#) 61... Rc5 62. Bb5+ Ke3 63. Re4+ Kf3 64. Be2+ Kf2 65. Rh4 {[%emt 0:00:00] White wants to mate with Ne4+.} Kg2 66. Rg4+ Kh3 67. Ne4 {[%emt 0:00:00] Weighted Error Value: White=0.19 (very precise) /Black=0.32} 1-0

[Event "Croatian 1A League 2022"]
[Site "Porec"]
[Date "2022.09.24"]
[Round "1.16"]
[White "Fucak, Emilio Milko"]
[Black "Zufic, Miroslav"]
[Result "1-0"]
[ECO "A20"]
[WhiteElo "2187"]
[BlackElo "2370"]
[Annotator "TA"]
[PlyCount "63"]
[EventDate "2022.09.24"]
[EventType "team-tourn"]
[EventCountry "CRO"]
[SourceTitle "playchess.com"]
[Source "ChessBase"]
[SourceQuality "1"]
[TimeControl "40/5400+30:1800+30"]

1. c4 e5 2. g3 Nc6 3. Bg2 Bc5 4. d3 d6 5. Nc3 a6 6. e3 {[%emt 0:02:30] A20: English Opening: 1...e5.} Nf6 7. Nge2 Ba7 8. h3 {[%emt 0:03:30] [#] White has an edge.} Bd7 $146 ({Predecessor:} 8... O-O 9. O-O h6 10. b3 Ne7 11. Bb2 Ng6 12. Qd2 Re8 13. Kh2 c6 14. e4 b5 {1-0 (70) Martinez Alcantara,J (2583)-Fedorchuk,S (2620) Le Blanc Mesnil 2019}) 9. b3 Rb8 10. Bb2 b5 11. Nd5 Nxd5 12. cxd5 Ne7 13. d4 f6 14. Rc1 b4 15. O-O O-O 16. Qd2 Bb5 17. Rc2 a5 18. Rfc1 Bb6 19. Kh2 Nf5 20. Be4 Qd7 21. f4 (21. Bd3 $11) 21... Rbe8 $17 22. Bxf5 Qxf5 23. g4 Qe4 {[%emt 0:03:44] [#] ...Bxe2 is the strong threat.} 24. Ng3 Qxd5 25. e4 Qb7 26. d5 exf4 (26... a4 $142 27. Rd1 Bc5) 27. Qxf4 Rf7 (27... h6 $1 $15) 28. g5 $1 $11 Bd3 {[%emt 0:01:30] Hoping for ...f5.} 29. Rg2 f5 30. Nxf5 {[%emt 0:03:27] Intending g6 and mate.} Rxf5 $2 31. Qxf5 $18 {[%emt 0:00:28] White wants to mate with Qd7.} ({And not} 31. exf5 Be3 32. Qf3 Bxc1 $11) 31... Bxe4 $2 (31... Qc8 $18 32. Qxc8 Rxc8) 32. Qd7 {[%emt 0:00:14][%csl LRe8,LRg7] Weighted Error Value: White=0.12 (very precise) /Black=0.35} 1-0

[Event "Croatian 1A League 2022"]
[Site "Porec"]
[Date "2022.09.24"]
[Round "1.18"]
[White "Mihalic, Goran"]
[Black "Rubil, Marko"]
[Result "1-0"]
[ECO "D02"]
[WhiteElo "2023"]
[BlackElo "2270"]
[Annotator "TA"]
[PlyCount "75"]
[EventDate "2022.09.24"]
[EventType "team-tourn"]
[EventCountry "CRO"]
[SourceTitle "playchess.com"]
[Source "ChessBase"]
[SourceQuality "1"]
[TimeControl "40/5400+30:1800+30"]

1. Nf3 d5 2. g3 g6 3. Bg2 Bg7 4. d4 Nh6 5. O-O Nf5 6. c3 {[%emt 0:00:34] D02: 1 d4 d5 2 Nf3 sidelines, including 2...Nf6 3 g3 and 2...Nf6 3 Bf4.} c6 {[%emt 0:00:30] Recently 6...Nd6 got a lot of attention.} 7. Nbd2 Nd6 8. Ne5 {[%emt 0:00:14] White is slightly better.} Nd7 9. Nxd7 Bxd7 10. e4 dxe4 11. Nxe4 Nxe4 12. Bxe4 {[%emt 0:00:38] [#]} Bh3 $146 ({Predecessor:} 12... Be6 13. Bg2 Bd5 14. f3 O-O 15. Be3 e5 16. dxe5 Bxe5 17. Bd4 Bxd4+ 18. Qxd4 Qb6 19. Qxb6 axb6 {½-½ (30) Castagna,R-Beni,A Bad Pyrmont 1963}) 13. Re1 O-O 14. Qb3 Qd7 15. Bf4 Rac8 16. Bf3 Be6 17. Qa3 a6 18. Qc5 Rfe8 19. a4 Bd5 20. Be4 Bf8 {[%emt 0:00:30][%cal Oe7e5] [#] Threatens to win with ...e5!} 21. Qb6 e6 22. a5 Be7 23. h4 Kg7 24. Rad1 h6 $1 25. b3 (25. Bd2 $15) 25... g5 $17 26. hxg5 (26. Bc1 $17) 26... hxg5 $19 27. Bc1 f5 $2 (27... Rh8 $19 {[%cal Oe6e5] And now ...e5! would win.} 28. f3 Rh3) 28. Bg2 $17 Bxg2 29. Kxg2 Qd5+ ({Better is} 29... Kg6 $17) 30. f3 $11 g4 31. Rd3 gxf3+ 32. Rxf3 Qd7 33. Bf4 Bf6 34. Be5 Rh8 35. Qc5 $36 {[%emt 0:00:30][%cal Og3g4][%mdl 2048] aiming for g4! White is more active.} Qd5 $2 {[%emt 0:00:30][%mdl 8192] [#]} (35... Kf7 $14) 36. Qe7+ $1 {[%emt 0:00:16] White mates.} Kg8 37. Qxf6 Rh7 38. Qg6+ {[%emt 0:00:17] What a bad dream for Black.  Weighted Error Value: White=0.21 (precise) /Black=0.40} 1-0

[Event "Croatian 1A League 2022"]
[Site "Porec"]
[Date "2022.09.24"]
[Round "1.19"]
[White "Kadric, Denis"]
[Black "Fedorchuk, Sergey A."]
[Result "0-1"]
[ECO "B82"]
[WhiteElo "2561"]
[BlackElo "2617"]
[Annotator "TA"]
[PlyCount "72"]
[EventDate "2022.09.24"]
[EventType "team-tourn"]
[EventCountry "CRO"]
[SourceTitle "playchess.com"]
[Source "ChessBase"]
[SourceQuality "1"]
[TimeControl "40/5400+30:1800+30"]

1. e4 c5 2. Nc3 e6 3. Nge2 a6 4. d4 cxd4 5. Nxd4 Nc6 6. Be3 Nf6 7. Bd3 Qc7 8. Nb3 b5 9. f4 d6 10. O-O Be7 11. Qf3 Bb7 12. Qh3 h5 13. Kh1 {[%emt 0:00:30] B82: Sicilian Scheveningen: 6 f4.} Rc8 $5 {[%emt 0:00:30][%mdl 4] Leaves trodden paths.} 14. Rae1 Nb4 {[%emt 0:00:30] [#]} 15. Bf2 $146 {[%emt 0:00:30] The position is equal.} ({Predecessor:} 15. a3 Nxd3 16. cxd3 Ng4 17. Nd4 Nxe3 18. Rxe3 Qb6 19. Nde2 Kd8 20. Rg3 Bf6 21. d4 Bxd4 {½-½ (33) Andriasian,Z (2602)-Kryvoruchko,Y (2691) Gjakova 2016}) 15... Qd7 (15... h4 $5) 16. Nd4 Nxd3 17. cxd3 b4 18. Nd1 g6 19. Nf3 {[%emt 0:01:30] Prevents e5.} Qb5 20. Nd4 Qd7 21. Nf3 {[%emt 0:00:30] Prevents e5.} Qb5 22. f5 (22. Nd4 $11 Qa5 23. Ne3) 22... gxf5 $17 ({Resist} 22... Qxd3 23. fxe6 O-O 24. Bh4 $14) 23. Nd4 Qd7 24. Bh4 Rg8 $1 25. Ne3 Ng4 $1 26. Nexf5 exf5 $19 27. Nxf5 {[%emt 0:00:02] [#]} (27. Bxe7 $142 Qxe7 28. Nxf5) 27... Bxh4 $1 28. Qxh4 Qe6 $2 ({Black should play} 28... Rc2 $19 {Threatens to win with ...Qd8.} 29. Qxh5 Nf6) 29. h3 (29. Qxh5 $15 Kd8 30. Qh7 (30. Nd4 $2 Qe5 $19)) 29... Ne5 $17 30. d4 Nd3 31. Re2 {[%emt 0:00:56] And now Rd2 would win.} Rc1 $2 (31... Kd7 $17 {and life is bright. ...Rc1 is the strong threat.} 32. d5 Qe5 33. Qxh5 Rgf8) 32. Rxc1 $18 Nxc1 {[%emt 0:00:02] [#]} 33. Rc2 (33. d5 $1 $18 Qe5 34. Rc2) 33... Kd7 $11 34. d5 $1 Bxd5 35. Qf2 $2 (35. exd5 $11 {and White has nothing to worry.} Qxf5 36. Qc4) 35... Qxe4 $19 36. Qb6 (36. Qa7+ $142 Bb7 37. Qb6 Qe1+ 38. Kh2 Rxg2+ 39. Rxg2 Qe5+ 40. Ng3 Bxg2 41. Kxg2 Qxb2+ 42. Kg1 Nxa2 43. Qb7+ Ke6 44. Qc8+ Kd5 45. Qa8+ Kc4 46. Qxa6+ Kb3 47. Qxd6 Qb1+ 48. Kg2) 36... Qxf5 {[%emt 0:00:38] Weighted Error Value: White=0.73/Black=0.27 (precise)} 0-1